 Dungeon Crawl Stone Soup version 0.22-a0-181-gb22368a (webtiles) character file.

398 KristoblXynda the Slasher (level 6, -3/48 HPs)
             Began as a Draconian Gladiator on Feb 14, 2018.
             Was an Initiate of Ashenzari.
             Splashed by a jelly's acid (8 damage)
             ... on level 6 of the Dungeon.
             The game lasted 00:04:25 (3508 turns).

KristoblXynda the Slasher (Draconian Gladiator)     Turns: 3508, Time: 00:04:26

Health: -3/48      AC:  7    Str: 17    XL:     6   Next: 53%
Magic:  6/6        EV: 14    Int: 14    God:    Ashenzari [......]
Gold:   139        SH:  0    Dex: 12    Spells: 5/5 levels left

rFire    . . .     SeeInvis .   a - +0 long sword
rCold    . . .     Gourm    .   (no shield)
rNeg     . . .     Faith    .   (armour unavailable)
rPois    .         Spirit   .   b - +0 hat
rElec    .         Reflect  .   (no cloak)
rCorr    .         Harm     .   (no gloves)
MR       .....                  s - +0 pair of boots
Stlth    +.........             (no amulet)
HPRegen  0.16/turn              o - +4 ring of intelligence
MPRegen  0.10/turn              (no ring)

@: no status effects
A: unfitting armour, cold-blooded, AC +6
a: Curse Item, Renounce Religion


You were on level 6 of the Dungeon.
You worshipped Ashenzari.
Ashenzari was noncommittal.
You were not hungry.

You visited 1 branch of the dungeon, and saw 4 of its levels.

You collected 139 gold pieces.

Inventory:

Hand Weapons
 a - a +0 long sword (weapon)
Missiles
 c - 3 throwing nets (quivered)
Armour
 b - a +0 hat (worn)
 s - a +0 pair of boots (worn)
Jewellery
 o - a +4 ring of intelligence (left hand)
Wands
 t - a wand of paralysis (17)
Scrolls
 e - 2 scrolls of identify
 f - a scroll of remove curse
 g - 4 scrolls of magic mapping {unknown}
 h - a scroll of fear {unknown}
 i - 2 scrolls of random uselessness {unknown}
 k - 2 scrolls of blinking {unknown}
 m - 2 scrolls of teleportation {unknown}
 p - a scroll of enchant armour {unknown}
 q - a scroll of enchant weapon {unknown}
Potions
 j - 2 potions of lignification
 l - 2 potions of haste
 n - a potion of might
 u - a potion of brilliance {unknown}
Comestibles
 d - 4 rations
 r - 6 chunks of flesh


   Skills:
 - Level 2.1 Fighting
 * Level 5.8 Long Blades
 - Level 3.0 Throwing
 + Level 4.2 Dodging


You had 5 spell levels left.
You didn't know any spells.

Dungeon Overview and Level Annotations

Branches:
Dungeon (3/15)

Altars:
Ashenzari
Fedhas
Yredelemnul


Innate Abilities, Weirdness & Mutations

Your plain brown scales are hard. (AC +6)
You cannot fit into any form of body armour.
You are cold-blooded and may be slowed by cold attacks.


Message History

You butcher the bullfrog corpse.
r - 6 chunks of flesh (gained 3)
You start resting.
You hear a slurping noise.
The jelly eats the door!
A jelly comes into view.
A jelly is nearby!
You catch the helpless jelly completely off-guard!
You hit the jelly.
Your hands burn!
Your tail-slap misses the jelly.
The jelly is lightly wounded.
The jelly hits you.
You are splashed with acid!
The acid burns!
* * * LOW HITPOINT WARNING * * *
You slash the jelly!
Your hands burn!
* * * LOW HITPOINT WARNING * * *
You tail-slap the jelly, but do no damage.
The jelly is moderately wounded.
The jelly hits you.
* * * LOW HITPOINT WARNING * * *
You are splashed with acid!
The acid burns!
You die...

..#...#..##....# <
..#...#.).#....# .#
.
#...##.<#....##+#.#
#....#####.........#
###### #...........#
####.......#
#.......# #.....%.#
#....@..# ##.###J##
#....#...
..........#.....
..........#...###
........###...#
........# .#.#
#######.# .#.. #.#


You could see a jelly.

Vanquished Creatures
  2 bullfrogs (D:6)
  3 orc wizards
  A hound skeleton (D:6)
  5 adders (D:2)
  A shadow imp (D:6)
  An ooze (D:3)
  4 worms
  6 dart slugs
  3 leopard geckos
  9 orcs
  2 ball pythons
  4 giant cockroaches
  11 hobgoblins
  7 kobolds
  5 bats
  3 frilled lizards (D:2)
  6 goblins
  9 rats
82 creatures vanquished.

Notes
Turn   | Place    | Note
-------+----------+-------------------------------------------
     0 | D:1      | KristoblXynda the Draconian Gladiator began the quest for the Orb.
     0 | D:1      | Reached XP level 1. HP: 17/17 MP: 1/1
   487 | D:1      | Reached XP level 2. HP: 24/24 MP: 2/2
   967 | D:1      | Reached XP level 3. HP: 27/29 MP: 3/3
  1828 | D:2      | Found a basalt altar of Yredelemnul.
  1828 | D:2      | Found a shattered altar of Ashenzari.
  1839 | D:2      | Found a blossoming altar of Fedhas.
  2065 | D:2      | Became a worshipper of Ashenzari the Shackled
  2182 | D:2      | Reached XP level 4. HP: 28/36 MP: 4/4
  2230 | D:2      | Reached skill level 4 in Long Blades
  3019 | D:3      | Reached XP level 5. HP: 13/41 MP: 5/5
  3308 | D:3      | You fall through a shaft for 3 floors!
  3320 | D:6      | Reached skill level 5 in Long Blades
  3340 | D:6      | Reached XP level 6. HP: 27/48 MP: 6/6
  3508 | D:6      | Splashed by a jelly's acid

Vault maps used:
D:1:      sevenhm_arrival_forest_fort_small_4
D:2:      gammafunk_temple_overflow_forgotten
D:3:      uniq_grinder
D:6:      minmay_temple_entry_hall, serial_shops, nicolae_shop_waterfront,
          grunt_ministairs_6

Skill      XL: |  1  2  3  4  5 |
---------------+----------------+-----
Throwing       | 2 3 |  3.0
Dodging        | 3 4 |  4.2
Long Blades    | 4 5 |  5.8
Fighting       | |  2.1

Action                   |  1- 3 |  4- 6 || total
-------------------------+-------+-------++-------
Melee: Long sword        |    94 |   163 ||   257
       Tailslap          |     9 |    26 ||    35
Evoke: Wand              |       |     1 ||     1
  Use: Scroll            |       |     3 ||     3
 Stab: Sleeping          |     2 |       ||     2
       Distracted        |       |     1 ||     1
  Eat: Chunk             |     1 |     4 ||     5
       Ration            |     1 |       ||     1
Armor: Skin              |    31 |    51 ||    82
Dodge: Dodged            |    65 |   107 ||   172
       Rpst.: Long sword |    27 |    41 ||    68

Table legend:
 A = Spawn XP
 B = Non-spawn XP
 C = Spawn XP percentage of total XP
 D = Spawn monster count
 E = Non-spawn monster count
 F = Spawn count percentage of total count
 G = Total turns spent on level
                    A         B        C        D         E        F      G
               +---------+---------+-------+---------+---------+-------+---------
         Total |       0 |     569 |   0.0 |       0 |      82 |   0.0 |  3508
               +---------+---------+-------+---------+---------+-------+---------
           D:1 |       0 |      55 |   0.0 |       0 |      28 |   0.0 |  1823
           D:2 |       0 |     115 |   0.0 |       0 |      28 |   0.0 |  1158
           D:3 |       0 |      82 |   0.0 |       0 |      15 |   0.0 |   327
           D:6 |       0 |     317 |   0.0 |       0 |      11 |   0.0 |   200
               +---------+---------+-------+---------+---------+-------+---------
